 Dungeon Crawl Stone Soup version 0.17-a0-1123-g6d3914c (console) character file.

426 Monkaria the Slasher (level 6, -11/48 HPs)
             Began as a Demonspawn Chaos Knight on May 24, 2015.
             Mangled by a small abomination (16 damage)
             ... summoned by the capriciousness of Xom
             ... on level 4 of the Dungeon.
             The game lasted 00:05:19 (3038 turns).

Monkaria the Slasher (Demonspawn Chaos Knight)      Turns: 3038, Time: 00:05:20

Health: -11/48     AC: 11    Str: 19 (20) XL:     6   Next: 64%
Magic:  6/6        EV: 11    Int: 13      God:    Xom [......]
Gold:   194        SH:  0    Dex: 10 (12) Spells: 0 memorised, 5 levels left

rFire  . . .     SeeInvis .     a - +0 falchion (chaos)
rCold  . . .     Clarity  .     b - +2 leather armour
rNeg   . . .     SustAt   .     (no shield)
rPois  .         Gourm    .     (no helmet)
rElec  .         Spirit   .     (no cloak)
rCorr  .         Warding  .     (no gloves)
rMut   .         Stasis   .     (no boots)
MR     .....                    (no amulet)
Stlth  ..........               (no ring)
                                n - ring of loudness (curse)

@: mighty, not resistant to hostile enchantments, extremely unstealthy
A: iridescent scales 2, powered by pain 2
a: Renounce Religion


You were on level 4 of the Dungeon.
You worshipped Xom.
You were a very special plaything of Xom.
You were not hungry.

You visited 1 branch of the dungeon, and saw 4 of its levels.

You collected 194 gold pieces.

Inventory:

Hand weapons
 a - a +0 falchion of chaos (weapon)
 e - a +2 dagger of holy wrath
 q - a +0 blowgun
Missiles
 f - 20 poisoned needles
Armour
 b - a +2 leather armour (worn)
Jewellery
 n - a cursed ring of loudness (left hand)
Scrolls
 g - 2 scrolls of teleportation
 k - 5 scrolls of noise
Potions
 i - a potion of poison {unknown}
 o - a potion of flight {unknown}
 p - a potion of might {unknown}
Miscellaneous
 j - a plain deck of summoning
Comestibles
 c - 3 bread rations
 d - 2 slices of pizza
 h - 2 meat rations
 m - a chunk of flesh


   Skills:
 - Level 4.0 Fighting
 + Level 5.9 Long Blades
 - Level 3.0 Armour
 - Level 0.8 Dodging


You had 5 spell levels left.
You didn't know any spells.

Dungeon Overview and Level Annotations

Branches:
Dungeon (4/15)
 Temple: D:4-7

Altars:
Ashenzari
Dithmenos
Gozag
Nemelex Xobeh
Qazlal
Xom


Innate Abilities, Weirdness & Mutations

You are mostly covered in iridescent scales (AC +6).
You sometimes gain power by taking damage.


Message History

The scorpion disappears!
You hit the small abomination.
There is a sudden explosion of sparks!
The small abomination is moderately damaged.
The small abomination hits you! The small abomination hits you.
You barely miss the small abomination.
The small abomination is moderately damaged.
The small abomination closely misses you.
You hit the small abomination. You burn the small abomination.
The small abomination is severely damaged.
The small abomination hits you!
* * * LOW HITPOINT WARNING * * *
You focus on the pain.
You feel very mighty all of a sudden.
The small abomination completely misses you.
Read which item? (? for menu, Esc to quit)
As you read the scroll labeled NAPEFEF HEPHYRUR, it crumbles to dust.
You feel aware of your surroundings.
It was a scroll of magic mapping.
The small abomination hits you!
You die...
Xom roars with laughter!

###.#######
#.#.......#
.#..#####.##
###........# ### #
##.####..#####.##
##.............# #
##'##..#####.##
#####≈.≈#### #x#
[#.##...## #@#
#.##._._.# #x#
######8### #.#
##+#### #.#
##...## #.#
#.....## ***#.#
.......## **,*..#
........#***,,,.##
........+,,,,,,,*


You could see 2 small abominations.

Vanquished Creatures
  Sigmund (D:3)
  A scorpion (D:4)
  An orc wizard (D:4)
  A hound (D:4)
  A worker ant (D:4)
  5 adders
  An ooze (D:2)
  3 giant geckos
  6 orcs
  2 ball pythons
  8 bats
  8 giant cockroaches
  4 goblins
  10 hobgoblins
  4 jackals (D:3)
  A quokka (D:2)
  4 giant newts
  6 kobolds
  12 rats
79 creatures vanquished.

Vanquished Creatures (others)
  An adder (D:2)
  A kobold (D:1)
  A goblin (D:1)
3 creatures vanquished.

Grand Total: 82 creatures vanquished

Notes
Turn   | Place    | Note
--------------------------------------------------------------
     0 | D:1      | Monkaria the Demonspawn Chaos Knight began the quest for the Orb.
     0 | D:1      | Reached XP level 1. HP: 18/18 MP: 1/1
   165 | D:1      | Gained mutation: You are partially covered in iridescent scales (AC +4). [demonic ancestry]
   165 | D:1      | Reached XP level 2. HP: 24/24 MP: 2/2
   555 | D:1      | Reached skill level 4 in Fighting
   702 | D:2      | XOM: harmless Air miscast
   755 | D:2      | XOM: divination: detect creatures
   876 | D:2      | XOM: harmless Ice miscast
   879 | D:2      | Gained mutation: You are mostly covered in iridescent scales (AC +6). [demonic ancestry]
   879 | D:2      | Reached XP level 3. HP: 30/30 MP: 3/3
   962 | D:2      | XOM: divination: detect items
  1020 | D:2      | XOM: divination: detect items
  1029 | D:2      | Reached XP level 4. HP: 35/37 MP: 4/4
  1136 | D:2      | XOM: vitrification
  1205 | D:2      | XOM: god gift: 18 gold pieces
  1480 | D:3      | Noticed Sigmund
  1488 | D:3      | XOM: enchant monster (good)
  1496 | D:3      | Killed Sigmund
  1496 | D:3      | Gained mutation: You sometimes gain a little power by taking damage. [demonic ancestry]
  1496 | D:3      | Reached XP level 5. HP: 22/42 MP: 5/5
  1609 | D:3      | Found a sparkling altar of Nemelex Xobeh.
  1623 | D:3      | XOM: colour smoke trail
  1787 | D:3      | XOM: harmless Tloc miscast
  1938 | D:3      | Found a stormy altar of Qazlal.
  1938 | D:3      | Found a shattered altar of Ashenzari.
  1938 | D:3      | Found a shadowy altar of Dithmenos.
  1944 | D:3      | Reached skill level 5 in Long Blades
  1975 | D:3      | Gained mutation: You sometimes gain power by taking damage. [demonic ancestry]
  1975 | D:3      | Reached XP level 6. HP: 46/48 MP: 6/6
  2025 | D:4      | XOM: divination: magic mapping
  2030 | D:4      | XOM: mild Divn miscast
  2293 | D:4      | XOM: summons 3 hostile demons
  2522 | D:4      | XOM: god gift: scroll of teleportation
  2528 | D:4      | XOM: divination: detect items
  2544 | D:4      | XOM: polymorph orc wizard -> hound
  2645 | D:4      | XOM: mild Air miscast
  2722 | D:4      | XOM: harmless Tloc miscast
  2919 | D:4      | XOM: mild Pois miscast
  3009 | D:4      | Found a shimmering altar of Xom.
  3010 | D:4      | Found an opulent altar of Gozag.
  3032 | D:4      | XOM: medium Summ miscast
  3038 | D:4      | Mangled by a small abomination

Vault maps used:
D:1:      minmay_arrival_four_houses, minmay_misc_feat_pillars,
          lemuel_flame_loot_1
D:2:      minmay_ruptured
D:3:      nemelex_deck, gammafunk_temple_overflow_forgotten, first_bread,
          uniq_sigmund
D:4:      gammafunk_temple_overflow_statue

Action                   |  1- 3 |  4- 6 || total
-------------------------+-------+-------++-------
Melee: Falchion          |   103 |   175 ||   278
  Use: Scroll            |       |     7 ||     7
       Potion            |       |     3 ||     3
 Stab: Paralysed         |       |    12 ||    12
  Eat: Chunk             |       |     7 ||     7
